 Dungeon Crawl Stone Soup version 0.22.1-1-ga44c0e56f4 (webtiles) character file.

198 Reeggar the Slasher (level 5, 0/42 HPs)
             Began as a Demonspawn Berserker on Oct 19, 2018.
             Was a Believer of Trog.
             Shot with an arrow by a centaur (9 damage)
             ... on level 3 of the Dungeon.
             The game lasted 00:12:43 (2236 turns).

Reeggar the Slasher (Demonspawn Berserker)          Turns: 2236, Time: 00:12:43

Health: 0/42       AC:  5    Str: 18    XL:     5   Next: 47%
Magic:  5/5        EV: 12    Int:  8    God:    Trog [**....]
Gold:   77         SH:  0    Dex: 13    Spells: 4/4 levels left

rFire    . . .     SeeInvis .   a - +1 falchion
rCold    . . .     Gourm    .   (no shield)
rNeg     . . .     Faith    .   d - +0 leather armour
rPois    .         Spirit   .   s - +1 helmet
rElec    .         Reflect  .   (no cloak)
rCorr    .         Harm     .   (no gloves)
MR       ++...                  (no boots)
Stlth    +.........             (no amulet)
HPRegen  1.14/turn              (no ring)
MPRegen  0.09/turn              (no ring)

@: regenerating
A: powered by death 1
a: Berserk, Trog's Hand, Renounce Religion


You were on level 3 of the Dungeon.
You worshipped Trog.
Trog was pleased with you.
You were not hungry.

You visited 1 branch of the dungeon, and saw 3 of its levels.

You collected 77 gold pieces.

Inventory:

Hand Weapons
 a - a +1 falchion (weapon)
 e - a +0 short sword
 h - a +0 whip
 i - a +0 short sword
 l - a +2 hunting sling of flaming
Armour
 b - a +0 animal skin
 d - a +0 leather armour (worn)
 g - a +0 helmet
 q - a +0 buckler
 s - a +1 helmet (worn)
Wands
 p - a wand of acid (6)
Scrolls
 j - a scroll of immolation
 o - 2 scrolls of identify
 r - a scroll of magic mapping {unknown}
 t - a scroll of blinking {unknown}
Potions
 f - a potion of lignification {unknown}
 k - a potion of flight {unknown}
 m - 2 potions of curing {unknown}
 n - a potion of magic {unknown}
Comestibles
 c - 3 rations


   Skills:
 + Level 4.1 Fighting
 + Level 4.2 Long Blades
 + Level 2.2 Armour
 + Level 2.7 Dodging
 + Level 0.3 Stealth


You had 4 spell levels left.
You didn't know any spells.
Your spell library was empty.

Dungeon Overview and Level Annotations

Branches:
Dungeon (3/15)

Altars:


Innate Abilities, Weirdness & Mutations

You regenerate a little health from kills.


Message History

t - a scroll labeled VIS MUNIS
Found 19 bolts.
c - 3 rations (gained 1)
o - 2 scrolls of identify (gained 1)
A centaur comes into view.
The centaur shouts!
A rat comes into view.
The centaur wields a shortbow.
The centaur shoots an arrow.
The arrow hits you!
The centaur shoots an arrow.
The arrow hits you!
You see here an arrow.
The centaur shoots an arrow.
The arrow hits you!
* * * LOW HITPOINT WARNING * * *
You see here an arrow.
The centaur shoots an arrow.
The arrow closely misses you.
Your skin crawls.
You feel resistant to hostile enchantments.
You feel quite a bit more hungry.
The centaur shoots an arrow.
The arrow hits you but does no damage.
The centaur shoots an arrow.
The arrow hits you!
You die...

#...# ... ##...# ... 8...⌠
... #..c# ##########.#
#..r# #####.......##.#..
##...###...........##.##.
#8...8##...........##.##.
#..(# #...........##.##.
###.((###@................
#....rc...................
#.#######.................
# #.................
#.................
#.....#####<....>.
.......# ##......
#.....### #..†... #.....#
#....#.


You could see a centaur and a rat.

Vanquished Creatures
  Natasha (thrice) (D:2)
  4 adders (D:2)
  3 gnolls (D:2)
  3 worms (D:2)
  2 dart slugs
  2 leopard geckos (D:1)
  3 giant cockroaches
  3 goblins
  6 hobgoblins
  A quokka (D:2)
  6 bats
  A frilled lizard (D:2)
  7 kobolds
  5 rats
49 creatures vanquished.

Notes
Turn   | Place    | Note
-------+----------+-------------------------------------------
     0 | D:1      | Reeggar the Demonspawn Berserker began the quest for the
                  | Orb.
     0 | D:1      | Reached XP level 1. HP: 18/18 MP: 1/1
   173 | D:1      | Gained mutation: You regenerate a little health from kills.
                  | [demonic ancestry]
   173 | D:1      | Reached XP level 2. HP: 15/24 MP: 2/2
  1041 | D:2      | Reached XP level 3. HP: 29/29 MP: 3/3
  1087 | D:2      | Reached ** piety under Trog
  1245 | D:2      | Noticed Natasha
  1250 | D:2      | Killed Natasha
  1313 | D:2      | Reached XP level 4. HP: 30/36 MP: 4/4
  1485 | D:2      | Noticed Natasha
  1511 | D:2      | Killed Natasha
  1606 | D:2      | Reached XP level 5. HP: 40/42 MP: 5/5
  1907 | D:2      | Noticed Natasha
  1915 | D:2      | Killed Natasha
  2227 | D:3      | Noticed a centaur
  2236 | D:3      | Shot with an arrow by a centaur

Skill      XL: |  1  2  3  4  5 |
---------------+----------------+-----
Long Blades    | 3 4 |  4.2
Armour         | 2 |  2.2
Dodging        | 2 |  2.7
Fighting       | 4 |  4.1
Stealth        | |  0.3

Action                   |  1- 3 |  4- 6 || total
-------------------------+-------+-------++-------
Melee: Falchion          |    79 |    79 ||   158
Invok: Berserk           |     2 |     2 ||     4
       Trog's Hand       |       |     3 ||     3
  Use: Scroll            |     3 |     2 ||     5
  Eat: Chunk             |     2 |     2 ||     4
       Ration            |     1 |     1 ||     2
Armor: Animal skin       |    17 |       ||    17
       Leather armour    |       |    18 ||    18
Dodge: Dodged            |    63 |    48 ||   111
       Rpst.: Falchion   |    23 |    14 ||    37
